 Dungeon Sprint DCSS version 0.30-a0-779-g7971cf19c3 (webtiles) character file.

Game seed: 147534975236735956

4050 dialectric the Tortoise (level 10, 0/96 HPs)
             Began as a Gargoyle Fighter on Feb 17, 2023.
             Was a Follower of Trog.
             Slain by a tentacle (11 damage)
             ... attached to a kraken
             ... in the Dungeon (Sprint II: "The Violet Keep of Menkaure").
             The game lasted 00:06:21 (724 turns).

dialectric the Tortoise (Gargoyle Fighter)           Turns: 724, Time: 00:06:22

Health: 0/96       AC: 24    Str: 26    XL:     10   Next: 24%
Magic:  0/10       EV: 12    Int: 10    God:    Trog [*.....]
Gold:   449        SH:  7    Dex: 12    Spells: 9/9 levels left

rFire   . . .      SeeInvis .    d - +9 morningstar of Cyetuol {heavy, rN+ Int+3}
rCold   + + .      Faith    .    m - +2 buckler {AC+3}
rNeg    + + .      Spirit   +    i - +3 ring mail of Dawn {rElec rC++ Regen+ Dex-5}
rPois   ∞          Reflect  .    (no helmet)
rElec   +          Harm     .    (no cloak)
rCorr   .          Rampage  .    l - +1 pair of gloves of Makhleb's Condemnation {Will+}
Will    +....      NoTele   +    (no boots) Stlth
                                 b - amulet of guardian spirit
HPRegen 1.16/turn                p - +6 ring of strength
MPRegen 0.12/turn                C - +6 ring of dexterity

@: berserking (expiring), very quick
A: sickness immunity, AC +7, negative energy resistance 1, electricity
resistance, torment resistance 1, petrification resistance, clumsy 1, dopey 1,
frail 1
a: Renounce Religion, Berserk


You were in the Dungeon.
You worshipped Trog.
Trog was aware of your devotion.
You visited 1 branch You collected 1422 gold pieces.
You spent 973 gold pieces at shops.

Inventory:

Hand Weapons
 d - the +9 morningstar of Cyetuol (weapon) {heavy, rN+ Int+3}
   (You bought it in a shop in the Dungeon)

   Int:       It affects your intelligence (+3).
   rN:        It protects you from negative energy.
Armour
 i - the +3 ring mail of Dawn (worn) {rElec rC++ Regen+ Dex-5}
   (You bought it in a shop in the Dungeon)

   Dex:       It affects your dexterity (-5).
   rC:        It greatly protects you from cold.
   rElec:     It insulates you from electricity.
   Regen:     It increases your rate of health regeneration.
 l - the +1 pair of gloves of Makhleb's Condemnation (worn) {Will+}
   (You bought it in a shop in the Dungeon)

   Will:      It increases your willpower.
 m - a +2 buckler of protection (worn)
Jewellery
 b - an amulet of guardian spirit (around neck)
 p - a +6 ring of strength (left hand)
 x - a ring of magical power
 C - a +6 ring of dexterity (right hand)
Scrolls
 a - a scroll of poison {unknown}
 c - 5 scrolls of identify {unknown}
 j - a scroll of blinking
 k - a scroll of fear
 s - a scroll of torment {unknown}
 v - a scroll of fog {unknown}
 w - a scroll of enchant weapon {unknown}
 y - a scroll of magic mapping {unknown}
 A - a scroll of summoning {unknown}
 B - a scroll of enchant armour {unknown}
Potions
 e - 2 potions of curing
 f - 4 potions of heal wounds
 g - a potion of haste
 h - 5 potions of magic
 n - a potion of berserk rage
 o - a potion of mutation {unknown}
 q - a potion of lignification {unknown}
 r - a potion of attraction {unknown}
 t - a potion of brilliance {unknown}
 u - 3 potions of flight {unknown}
 z - 3 potions of resistance {unknown}


   Skills:
 + Level 12.5 Fighting
 * Level 13.8 Maces & Flails
 * Level 15.5 Armour
 - Level 4.1 Dodging
 + Level 1.1 Stealth
 - Level 6.8 Shields


You had 9 spell levels left.
You didn't know any spells.
Your spell library was empty.

Dungeon Overview and Level Annotations

Branches:
Dungeon (1/1)

Altars:
Cheibriados
Dithmenos
Elyvilon
Fedhas
Gozag
Hepliaklqana
Kikubaaqudgha
Makhleb
Nemelex Xobeh
Okawaru
Qazlal
Ru
Sif Muna
Trog
Uskayaw
Vehumet
Wu Jian
Xom
Yredelemnul
Zin
The Shining One
Jiyva
Lugonu

Shops:
D ?*:![![:[=!([=(

Annotations:
D exclusion: oklob plant


Innate Abilities, Weirdness & Mutations

You are immune to sickness and miasma.
Your stone body is resilient. (AC +7)
You are immune to poison.
You resist negative energy. (rN+)
You are resistant to electric shocks. (rElec)
You are resistant to unholy torment.
You are immune to petrification.
You are clumsy. (Dex -2)
You are dopey. (Int -2)
You are frail. (-10% HP)


Message History

You kill the deep troll!
Trog accepts your kill.
The troll leather armour is intact enough to wear.
Your Maces & Flails skill increases to level 13!
Your Stealth skill increases to level 1!
Tentacles burst out of the water!
The deep troll closely misses you. You block the deep troll's attack.
The deep troll claws you! 2 tentacles come into view.
There is an open door, spattered with blood here.
Things that are here:
a +0 troll leather armour; a deep troll corpse You puncture the deep troll!
The deep troll is lightly wounded.
The deep troll bites you but does no damage.
The deep troll claws you!
* * * LOW HITPOINT WARNING * * *
The deep troll claws you but does no damage.
The tentacle slaps you but does no damage.
You completely miss the deep troll.
The deep troll is lightly wounded.
The tentacle slaps you but does no damage.
The deep troll bites you!
* * * LOW HITPOINT WARNING * * *
The deep troll claws you but does no damage.
The deep troll claws you.
* * * LOW HITPOINT WARNING * * *
You impale the deep troll!!
The deep troll is heavily wounded.
The tentacle slaps you but does no damage.
The tentacle barely misses you.
You puncture the deep troll!
The deep troll is almost dead.
The deep troll closely misses you.
The deep troll claws you but does no damage. x2
The tentacle completely misses you.
You impale the deep troll!!
You kill the deep troll!
Trog accepts your kill. The tentacle slaps you!
You die...

..# #°=▓...(..:[▓▓ ##.#
#○}▓..:[..[.▓▓
.'.####:=▓:..(.(..▓▓
.#...####▓..[((..:▓▓
###..##.#▓........▓▓
..'..#..#▓....[(..▓▓
..#..#..#▓...(.[[.▓▓
###^.##)#▓....(().▓▓
.###..†##▓▓▓▓▓▓▓@▓▓▓▓+▓
...~~~~~~~~~~~~~.wwXw≈▓
...~#'########'###V≈w≈▓
~..~#....._._#~§§##≈≈≈▓
~~.~#...._._.#~§§≈####▓▓
~§~~#..._._._#§§§~≈##$$#
≈§~~#.._._._.#~§§≈§≈#$.#
§§§~#._._._._#~§~§§≈'$$+
##§≈#_._._._.#§~§§≈~#$.#


You could see a kraken and 4 tentacles.

Vanquished Creatures
  A death yak (D)
  2 deep trolls (D)
  A yaktaur (D)
  3 polar bears (D)
  A hornet (D)
  2 wyverns (D)
  4 neqoxecs (D)
  2 redbacks (D)
  Menkaure (D)
  4 water moccasins (D)
  A scorpion (D)
  4 necrophages (D)
  2 worms (D)
  4 tentacles (D)
32 creatures vanquished.

Vanquished Creatures (others)
  4 tentacles (D)
4 creatures vanquished.

Grand Total: 36 creatures vanquished

Notes
Turn   | Place    | Note
-------+----------+-------------------------------------------
     0 | D        | dialectric the Gargoyle Fighter began the quest for the
                  | Orb.
     0 | D        | Reached XP level 1. HP: 14/14 MP: 1/1
     8 | D        | Noticed a wyvern
     8 | D        | Noticed a wyvern
    11 | D        | Killed a wyvern
    12 | D        | Reached skill level 7 in Armour
    12 | D        | Reached XP level 2. HP: 23/23 MP: 2/2
    12 | D        | Reached XP level 3. HP: 28/28 MP: 3/3
    12 | D        | Reached XP level 4. HP: 32/32 MP: 4/4
    12 | D        | Reached XP level 5. HP: 37/37 MP: 5/5
    14 | D        | Killed a wyvern
    15 | D        | Reached skill level 8 in Armour
    15 | D        | Reached XP level 6. HP: 45/45 MP: 6/6
    21 | D        | Found Bevy's Distillery.
    21 | D        | Found Wumetuub's Antique Armour Emporium.
    21 | D        | Found Wateemui's Book Shoppe.
    21 | D        | Found Hoakledwe's Antique Weapon Emporium.
    21 | D        | Found Qutsampe's Jewellery Shoppe.
    21 | D        | Found Qydot's Antique Weapon Shoppe.
    21 | D        | Found Lemiucimn's Jewellery Shoppe.
    22 | D        | Found Gioz's Armour Emporium.
    22 | D        | Found Gyroc's Antique Armour Shoppe.
    39 | D        | Noticed a neqoxec
    46 | D        | Killed a neqoxec
    47 | D        | Reached skill level 5 in Maces & Flails
    47 | D        | Reached skill level 9 in Armour
    74 | D        | Reached XP level 7. HP: 18/51 MP: 7/7
    77 | D        | Reached skill level 10 in Armour
    88 | D        | Reached skill level 10 in Fighting
   209 | D        | Found Uxzam's Distillery.
   211 | D        | Found Ciadinux's Armour Emporium.
   211 | D        | Found Hapruoqodgh's Distillery.
   211 | D        | Noticed Menkaure
   211 | D        | Noticed a fire dragon
   211 | D        | Noticed an oklob plant
   211 | D        | Noticed a wyvern
   212 | D        | Found Omuph's Assorted Antiques.
   212 | D        | Found Xeewkah's Magic Scroll Emporium.
   212 | D        | Found Biemi's Book Shoppe.
   216 | D        | Bought a glimmering morningstar for 261 gold pieces
   216 | D        | Identified the +9 morningstar of Cyetuol {heavy, rN+ Int+3}
                  | (You bought it in a shop in the Dungeon)
   218 | D        | Noticed a wyvern
   223 | D        | Killed Menkaure
   224 | D        | Reached skill level 11 in Armour
   231 | D        | Noticed a cane toad
   237 | D        | Bought a twisted ring mail for 162 gold pieces
   237 | D        | Identified the +3 ring mail of Dawn {rElec rC++ Regen+
                  | Dex-5} (You bought it in a shop in the Dungeon)
   249 | D        | Bought a scroll of fear for 56 gold pieces
   250 | D        | Bought a potion of heal wounds for 65 gold pieces
   250 | D        | Bought a potion of curing for 39 gold pieces
   295 | D        | Noticed a neqoxec
   295 | D        | Noticed a neqoxec
   295 | D        | Noticed a neqoxec
   296 | D        | Gained mutation: You are dopey. (Int -2) [a neqoxec]
   298 | D        | Killed a neqoxec
   298 | D        | Gained mutation: You are clumsy. (Dex -2) [a neqoxec]
   299 | D        | Reached skill level 12 in Armour
   299 | D        | Reached XP level 8. HP: 59/59 MP: 8/8
   299 | D        | Gained mutation: You are frail. (-10% HP) [a neqoxec]
   333 | D        | Bought a pair of ichor-stained gloves for 218 gold pieces
   333 | D        | Identified the +1 pair of gloves of Makhleb's Condemnation
                  | {Will+} (You bought it in a shop in the Dungeon)
   341 | D        | Bought a glowing buckler for 172 gold pieces
   372 | D        | Found a snail-covered altar of Cheibriados.
   373 | D        | Found a shadowy altar of Dithmenos.
   374 | D        | Found a white marble altar of Elyvilon.
   374 | D        | Found an ancient bone altar of Kikubaaqudgha.
   374 | D        | Found a viscous altar of Jiyva.
   375 | D        | Found a blossoming altar of Fedhas.
   375 | D        | Found a corrupted altar of Lugonu.
   375 | D        | Found a shimmering blue altar of Sif Muna.
   376 | D        | Found an opulent altar of Gozag.
   376 | D        | Found a burning altar of Makhleb.
   376 | D        | Found a bloodstained altar of Trog.
   377 | D        | Found a sparkling altar of Nemelex Xobeh.
   377 | D        | Found a hide-covered altar of Uskayaw.
   404 | D        | Reached skill level 13 in Armour
   415 | D        | Noticed a death yak
   424 | D        | Killed a death yak
   425 | D        | Reached skill level 10 in Maces & Flails
   425 | D        | Reached skill level 14 in Armour
   425 | D        | Reached XP level 9. HP: 58/58 MP: 9/9
   447 | D        | Found an iron altar of Okawaru.
   447 | D        | Found a radiant altar of Vehumet.
   447 | D        | Found a glowing silver altar of Zin.
   448 | D        | Noticed a yaktaur
   448 | D        | Noticed a hornet
   448 | D        | Noticed a polar bear
   449 | D        | Noticed a polar bear
   449 | D        | Noticed a polar bear
   450 | D        | Killed a polar bear
   451 | D        | Killed a hornet
   455 | D        | Killed a polar bear
   456 | D        | Reached skill level 15 in Armour
   458 | D        | Killed a polar bear
   461 | D        | Killed a yaktaur
   471 | D        | Found a basalt altar of Yredelemnul.
   473 | D        | Found a hazy altar of Hepliaklqana.
   473 | D        | Found a sacrificial altar of Ru.
   473 | D        | Found a shimmering altar of Xom.
   474 | D        | Found a stormy altar of Qazlal.
   474 | D        | Found an ornate altar of the Wu Jian Council.
   474 | D        | Found a glowing golden altar of the Shining One.
   487 | D        | Became a worshipper of Trog the Wrathful
   503 | D        | Noticed a kraken
   516 | D        | Reached XP level 10. HP: 63/63 MP: 10/10
   663 | D        | Reached * piety under Trog
   678 | D        | Noticed a sixfirhy
   704 | D        | Noticed a deep troll
   705 | D        | Noticed a deep troll
   718 | D        | Killed a deep troll
   719 | D        | Reached skill level 1 in Stealth
   724 | D        | Killed a deep troll
   724 | D        | Slain by a tentacle

Illustrated notes

Levels and vault maps discovered:
D:        the_violet_keep_of_menkaure [sprint2_stairs_cluster_1,
          sprint2_shoproom, sprint2_temple, sprint2_basic_supplies,
          sprint2_obstacle_5, sprint2_obstacle_7, sprint2_obstacle_3,
          sprint2_obstacle_4, sprint2_obstacle_6, sprint2_timed_cluster_1,
          sprint2_smallroom_cluster_1, sprint2_smallroom_final_cluster_1,
          sprint2_transparent_cluster_1, sprint2_second_timed_cluster_1,
          sprint2_sniper_area_1, sprint2_heavy_combat_area_1,
          sprint2_mutation_trap_area_1, sprint2_forest_area_1,
          sprint2_light_combat_area_1, sprint2_behind_water_1,
          sprint2_near_end_vault_1]

Skill      XL: |  1  2  3  4  5  6  7  8  9 10 |
---------------+-------------------------------+-----
Fighting       | 6 8 9 10 11 12 | 12.5
Maces & Flails | 3 4 5 7 10 12 13 | 13.8
Armour         | 7 8 9 12 14 15 | 15.5
Shields        | 6 |  6.8
Dodging        | 2 4 |  4.1
Stealth        | 1 |  1.1

Action                     |  1- 3 |  4- 6 |  7- 9 | 10-12 || total
---------------------------+-------+-------+-------+-------++-------
  Melee: Flail             |     2 |    18 |    14 |       ||    34
         Morningstar       |       |       |    38 |    31 ||    69
 Invoke: Berserk           |       |       |       |     1 ||     1
    Use: Potion            |     1 |     1 |       |       ||     2
 Armour: Scale mail        |     1 |     3 |     6 |       ||    10
         Ring mail         |       |       |    35 |    41 ||    76
  Dodge: Dodged            |     2 |     5 |    34 |    47 ||    88
  Block: Buckler           |       |       |    21 |    19 ||    40

Table legend: (Time is in decaauts)
 A = Elapsed time spent in this place.
 B = Non-inter-level travel time spent in this place.
 C = Inter-level travel time spent in this place.
 D = Time resting spent in this place.
 E = Time spent auto-exploring this place.
 F = Levels seen in this place.
 G = Mean time per level.
                   A        B        C        D        E       F      G
               +--------+--------+--------+--------+--------+-----+--------+
         Total |    814 |    814 |      0 |    115 |      0 |   1 |  814.0 |
       Dungeon |    814 |    814 |      0 |    115 |      0 |   1 |  814.0 |
               +--------+--------+--------+--------+--------+-----+--------+

Top non-repeatable levels by time:
       D: 814 daAuts
